[Event "December 5 Early 2023"]
[Site "https://www.chess.com"]
[Date "2023.12.05"]
[Round "3"]
[White "Ljukin, Sergei"]
[Black "Antunez Soler, Luis"]
[Result "1/2-1/2"]
[Board "112"]
[TimeControl "180+1"]
[WhiteFideId "14102200"]
[BlackFideId "3513335"]
[WhiteElo "2460"]
[BlackElo "2649"]
[WhiteTeam "UKR"]
[BlackTeam "CUB"]
[WhiteClock "0:00:14"]
[BlackClock "0:00:11"]

1. e4 e6 2. d4 d5 3. Nc3 Nf6 4. Bg5 Be7 5. e5 Nfd7 6. h4 Nc6 7. Qg4 f6 8. Be3 fxe5 9. Nf3 exd4 10. Nxd4 Nxd4 11. Qxd4 c5 12. Qxg7 Bf6 13. Qh6 d4 14. Ne4 dxe3 15. Nd6+ Ke7 16. O-O-O Qf8 17. Qxe3 Bd4 18. Rxd4 cxd4 19. Qxd4 Qf6 20. Qb4 Kd8 21. Bb5 Rf8 22. Nxc8 Qf4+ 23. Qxf4 Rxf4 24. Rd1 Kxc8 25. Bxd7+ Kc7 26. Bxe6 Rxf2 27. g4 Rd8 28. Rxd8 Kxd8 29. Bf5 h5 30. Be6 Ke7 31. Bc8 hxg4 32. Bxg4 Rf4 33. Bc8 b6 34. h5 Rh4 35. a4 Rxh5 36. b3 Rh4 37. Bf5 Kd6 38. Kb2 Kc5 39. Bg6 Rh3 40. Bf5 Rg3 41. Be4 Kb4 42. Bd3 Re3 43. Bc4 Rc3 44. Bd3 Rc5 45. Be2 Rg5 46. Bd3 Rg2 47. Bc4 Ka5 48. Bd3 a6 49. Ka3 b5 50. axb5 axb5 51. Kb2 Kb6 52. Be4 Rg3 53. Bd3 Kc5 54. Bf5 b4 55. Be4 Kd4 56. Bf5 Rg5 57. Bh7 Rh5 58. Bg6 Rh6 59. Bf5 Rc6 60. Bh7 Rc3 61. Bf5 Ke3 62. Bh7 Kd2 63. Bg6 Rg3 64. Bf5 Rg7 65. Be4 Re7 66. Bf5 Rf7 67. Bg6 Rc7 68. Bf5 Rc3 69. Bg6 Re3 70. Bf5 Re1 71. Bg6 Ke3 72. Bh7 Kd4 73. Bg6 Ke5 74. Bh7 Re3 75. Bg6 Kf6 76. Bd3 Rg3 77. Bh7 Ke5 78. Bd3 Rg7 79. Bc4 Kd4 80. Bb5 Rc7 81. Bd3 Rc3 82. Bh7 Rg3 83. Bf5 Rf3 84. Bh7 Rf4 85. Bg6 Rf6 86. Bd3 Rh6 87. Bf5 Ke5 88. Bd3 Kf4 89. Bc4 Ke3 90. Bd3 Rc6 91. Bf5 Kd4 92. Bh7 Rc7 93. Bg6 Kc5 94. Bf5 Rf7 95. Bg6 Rf6 96. Bh7 Kd4 97. Bd3 Ke5 98. Bc4 Rd6 99. Bd3 Rxd3 100. cxd3 Kd4 101. Kc2 Ke3 102. d4 Kxd4 103. Kd2 Ke4 104. Ke2 Kd4 105. Kd2 Ke4 106. Ke2 Kd4 107. Kd2 1/2-1/2

[Event "December 5 Early 2023"]
[Site "https://www.chess.com"]
[Date "2023.12.05"]
[Round "3"]
[White "Muskardin, Mario"]
[Black "Cieslak, Patryk"]
[Result "0-1"]
[Board "113"]
[TimeControl "180+1"]
[WhiteFideId "14518180"]
[BlackFideId "21078882"]
[WhiteElo "2458"]
[BlackElo "2648"]
[WhiteTeam "CRO"]
[BlackTeam "POL"]
[WhiteClock "0:00:00"]
[BlackClock "0:00:55"]

1. e4 g6 2. Nf3 Bg7 3. d4 c6 4. c4 d6 5. Nc3 Nf6 6. Be2 O-O 7. O-O Nbd7 8. h3 Re8 9. e5 Nh5 10. g4 dxe5 11. dxe5 Ng3 12. fxg3 Qb6+ 13. Qd4 Qxd4+ 14. Nxd4 Bxe5 15. Nf3 Bc7 16. Kg2 Ne5 17. Bf4 Nxf3 18. Bxf3 e5 19. Rfe1 Bd7 20. Bg5 f5 21. Rad1 Be6 22. gxf5 gxf5 23. Bh5 Rec8 24. Bf4 e4 25. Bxc7 Rxc7 26. b3 Rg7 27. Ne2 Kf8 28. Nf4 Ke7 29. Kh2 Bd7 30. Rd2 Rag8 31. Re3 b6 32. Rf2 Kd6 33. Ne2 Kc5 34. g4 fxg4 35. Bxg4 Bxg4 36. hxg4 Rxg4 37. Rg3 Rxg3 38. Nxg3 e3 39. Re2 Kd4 40. Nf5+ Ke4 41. Nxe3 Kd3 42. Re1 Kd2 43. Nc2 Kxc2 44. Re7 Ra8 45. Rxh7 Kb2 46. Rc7 c5 0-1

[Event "December 5 Early 2023"]
[Site "https://www.chess.com"]
[Date "2023.12.05"]
[Round "3"]
[White "Gubajdullin, Alexei"]
[Black "Berezin, Viktor"]
[Result "1-0"]
[Board "114"]
[TimeControl "180+1"]
[WhiteFideId "4141202"]
[BlackFideId "14107872"]
[WhiteElo "2647"]
[BlackElo "2454"]
[WhiteTeam "RUS"]
[BlackTeam "UKR"]
[WhiteClock "0:01:27"]
[BlackClock "0:00:00"]

1. b3 d6 2. Bb2 e5 3. c4 g6 4. e3 Bg7 5. h4 h5 6. Nf3 Nf6 7. Ng5 Nc6 8. Nc3 O-O 9. Bd3 Qe7 10. Nce4 Nxe4 11. Bxe4 Nd8 12. d4 Ne6 13. Nxe6 Bxe6 14. Bxb7 Rab8 15. Bf3 a5 16. d5 Bd7 17. a4 f5 18. Be2 f4 19. e4 c5 20. Bc3 Qd8 21. Rb1 Bf6 22. g4 hxg4 23. Bxg4 Qc8 24. Bxd7 Qxd7 25. Rg1 Kf7 26. h5 g5 27. Bxa5 Rh8 28. Qf3 1-0

[Event "December 5 Early 2023"]
[Site "https://www.chess.com"]
[Date "2023.12.05"]
[Round "3"]
[White "Gontcharov, Vladislav"]
[Black "Ozen, Metehan"]
[Result "0-1"]
[Board "115"]
[TimeControl "180+1"]
[WhiteFideId "4123492"]
[BlackFideId "34596054"]
[WhiteElo "2647"]
[BlackElo "2453"]
[WhiteTeam "RUS"]
[BlackTeam "TUR"]
[WhiteClock "0:00:17"]
[BlackClock "0:00:05"]

1. d4 Nf6 2. c4 e6 3. Nf3 c5 4. Nc3 cxd4 5. Nxd4 d5 6. g3 Nc6 7. Bg2 Bc5 8. Nb3 Bb6 9. cxd5 exd5 10. O-O O-O 11. Bg5 d4 12. Nd5 Be6 13. Bxf6 gxf6 14. Nf4 Qd6 15. Nd2 f5 16. Nh5 Ne5 17. Nf3 Ng6 18. Qd2 f4 19. Nxf4 Nxf4 20. gxf4 Rfe8 21. Kh1 Bd5 22. Rg1 Kh8 23. Ng5 f6 24. Bxd5 Qxd5+ 25. Nf3 d3 26. Qc3 Re6 27. Rad1 Qh5 28. Rxd3 Rf8 29. Qd2 Bxf2 30. Rg2 Bb6 31. Rd6 Rxd6 32. Qxd6 Bc5 33. Qe6 h6 34. h3 Re8 35. Qg4 Qxg4 36. hxg4 Re4 37. Nh4 Kg7 38. f5 Rd4 39. Nf3 Rd1+ 40. Rg1 Bxg1 41. Nxg1 Ra1 42. a3 Rb1 43. Kg2 Rxb2 44. a4 Ra2 45. Nf3 Rxa4 46. Kg3 Re4 47. e3 Rxe3 0-1

[Event "December 5 Early 2023"]
[Site "https://www.chess.com"]
[Date "2023.12.05"]
[Round "3"]
[White "Miszler, Levente"]
[Black "Smirnov, Alexandr A."]
[Result "0-1"]
[Board "116"]
[TimeControl "180+1"]
[WhiteFideId "763276"]
[BlackFideId "24104396"]
[WhiteElo "2452"]
[BlackElo "2645"]
[WhiteTeam "HUN"]
[BlackTeam "RUS"]
[WhiteClock "0:01:29"]
[BlackClock "0:01:57"]

1. d4 Nf6 2. Nf3 g6 3. g3 Bg7 4. Bg2 O-O 5. O-O d6 6. c4 c5 7. Nc3 Nc6 8. e4 Bg4 9. d5 Nd4 10. Qd3 Bxf3 11. Bxf3 Nd7 12. Bg2 Ne5 13. Qd1 Nxc4 14. f4 e6 15. b3 Nb6 16. Bb2 exd5 17. exd5 Re8 18. Qd3 Qd7 19. Rae1 Re7 20. Bh3 f5 21. Bg2 Rae8 22. Rxe7 Rxe7 23. a4 a5 24. Nb5 Ne2+ 0-1

[Event "December 5 Early 2023"]
[Site "https://www.chess.com"]
[Date "2023.12.05"]
[Round "3"]
[White "Rojas Alarcon, Julian Antonio"]
[Black "Jovic, Stanoje"]
[Result "0-1"]
[Board "117"]
[TimeControl "180+1"]
[WhiteFideId "5107407"]
[BlackFideId "905020"]
[WhiteElo "2644"]
[BlackElo "2450"]
[WhiteTeam "MEX"]
[BlackTeam "SRB"]
[WhiteClock "0:00:07"]
[BlackClock "0:00:38"]

1. d4 Nf6 2. c4 e6 3. Nc3 Bb4 4. Qc2 d5 5. a3 Bxc3+ 6. Qxc3 O-O 7. Bg5 c6 8. e3 Nbd7 9. Qc2 a5 10. Nf3 a4 11. Bd3 Qa5+ 12. Kf1 dxc4 13. Bxc4 b5 14. Bd3 b4 15. axb4 Qxb4 16. h3 Ba6 17. Ne1 c5 18. Bxf6 gxf6 19. Kg1 cxd4 20. Bxh7+ Kh8 21. Bd3 dxe3 22. fxe3 Ne5 23. Bxa6 Rxa6 24. Qf2 f5 25. Qg3 Qxb2 26. Rd1 a3 27. Nc2 Ng6 28. Na1 Qe5 29. Qf2 Rb8 30. g3 Rb2 31. Qf3 Qe4 32. Qxe4 fxe4 33. Rh2 Ne5 34. Rc2 Rab6 35. Kf1 Nd3 36. Rc8+ Kg7 37. Nc2 a2 38. Ke2 Rb1 39. Ra8 R6b2 40. Kd2 Nb4 0-1

[Event "December 5 Early 2023"]
[Site "https://www.chess.com"]
[Date "2023.12.05"]
[Round "3"]
[White "Jain Kashish Manoj"]
[Black "Lopusiewicz, Piotr"]
[Result "0-1"]
[Board "118"]
[TimeControl "180+1"]
[WhiteFideId "35081098"]
[BlackFideId "1116029"]
[WhiteElo "2641"]
[BlackElo "2450"]
[WhiteTeam "IND"]
[BlackTeam "POL"]
[WhiteClock "0:00:00"]
[BlackClock "0:00:12"]

1. e4 e5 2. Nf3 Nc6 3. Bb5 a6 4. Bxc6 dxc6 5. O-O Qf6 6. d4 exd4 7. Bg5 Qd6 8. Nxd4 Be7 9. Be3 Bd7 10. Nc3 O-O-O 11. Qe2 Nh6 12. f3 g5 13. Rad1 Qg6 14. Nb3 f5 15. Bc5 Bf6 16. Bd4 fxe4 17. Nxe4 Bxd4+ 18. Rxd4 Bf5 19. Rfd1 g4 20. Nbc5 Rxd4 21. Rxd4 gxf3 22. Qxf3 Re8 23. Ng3 Ng4 24. Rd1 Bxc2 25. Rc1 h5 26. Qc3 Bf5 27. Qb4 b6 28. Nxa6 Kb7 29. Nc5+ Kc8 30. Na6 Qg5 31. Re1 Rxe1+ 32. Qxe1 Kb7 33. Nb4 h4 34. Nxf5 Qxf5 35. Qe2 Qc5+ 0-1

[Event "December 5 Early 2023"]
[Site "https://www.chess.com"]
[Date "2023.12.05"]
[Round "3"]
[White "Eilers, Stefan"]
[Black "Zavgorodniy, Sergiy"]
[Result "0-1"]
[Board "119"]
[TimeControl "180+1"]
[WhiteFideId "4609565"]
[BlackFideId "14110148"]
[WhiteElo "2449"]
[BlackElo "2640"]
[WhiteTeam "GER"]
[BlackTeam "UKR"]
[WhiteClock "0:00:02"]
[BlackClock "0:00:12"]

1. d4 Nf6 2. Nc3 c5 3. dxc5 e6 4. e4 Bxc5 5. e5 Ng8 6. Ne4 Be7 7. Nf3 Nc6 8. Bf4 f6 9. Nd6+ Bxd6 10. Qxd6 Nge7 11. exf6 gxf6 12. Bd3 Qb6 13. O-O-O Qb4 14. a3 Qxd6 15. Bxd6 b6 16. Rhe1 Bb7 17. Kb1 Rc8 18. Nd2 Kf7 19. g4 Rcd8 20. h3 Nc8 21. Bg3 d5 22. f4 Nd6 23. Nf3 Ne4 24. Bh4 Ne7 25. Nd4 Ng6 26. Bxe4 dxe4 27. Bg3 Ne7 28. Nb5 Nc8 29. f5 e5 30. Nc3 h5 31. Rxd8 Rxd8 32. Nxe4 hxg4 33. hxg4 Bxe4 34. Rxe4 Rd1+ 35. Ka2 Nd6 36. Re3 Rg1 37. b3 Nb5 38. g5 Rg2 39. g6+ Kg7 40. Kb2 Nd4 41. Rc3 Nxf5 42. Be1 Kxg6 43. Rc7 Nd4 44. a4 f5 45. Rc8 Kf7 46. Rc7+ Ke6 47. Bb4 f4 48. Re7+ Kf5 49. Rf7+ Ke4 50. a5 bxa5 51. Bxa5 Rxc2+ 52. Kb1 Rc6 53. Rxa7 f3 54. Rf7 Nf5 55. Be1 Rd6 56. Kc2 Rc6+ 57. Kd2 Rh6 58. b4 Rh2+ 59. Kc1 Re2 60. Bh4 f2 61. Bxf2 Rxf2 62. b5 Rh2 63. b6 Rh8 64. b7 Rb8 65. Kd2 Nd6 66. Rd7 Nxb7 67. Ke2 Nc5 68. Rc7 Ne6 69. Re7 Nd4+ 70. Kd2 Ra8 71. Kc3 Ra2 72. Rf7 Rc2+ 73. Kb4 Rc8 74. Re7 Kf4 0-1

[Event "December 5 Early 2023"]
[Site "https://www.chess.com"]
[Date "2023.12.05"]
[Round "3"]
[White "Topalov, Aleksandar"]
[Black "Moksh Amit Doshi"]
[Result "0-1"]
[Board "120"]
[TimeControl "180+1"]
[WhiteFideId "925659"]
[BlackFideId "25064967"]
[WhiteElo "2447"]
[BlackElo "2638"]
[WhiteTeam "SRB"]
[BlackTeam "IND"]
[WhiteClock "0:00:00"]
[BlackClock "0:01:11"]

1. b3 e5 2. Bb2 Nc6 3. e3 Nf6 4. Bb5 e4 5. d3 exd3 6. Bxd3 d5 7. a3 Bd6 8. Nd2 O-O 9. h3 Re8 10. Ngf3 Ne4 11. O-O Bf5 12. Qe2 Qd7 13. c4 Nxd2 14. Bxf5 Qxf5 15. Qxd2 dxc4 16. bxc4 Rad8 17. Qc3 Ne5 18. Nxe5 Bxe5 19. Qb3 Bxb2 20. Qxb2 b6 21. Rad1 c5 22. a4 h6 23. a5 Qe6 24. axb6 axb6 25. Qb5 Rxd1 26. Rxd1 Ra8 27. Rb1 Ra2 28. Qb3 Rd2 29. Qc3 Rxf2 30. Kxf2 Qf5+ 31. Ke2 Qxb1 32. Qd3 Qb2+ 33. Kf3 Qf6+ 34. Ke2 g6 35. Qb3 h5 36. Qd3 Kg7 37. Qb3 h4 38. Qd3 Qg5 39. Qe4 Qg3 40. Qd5 Qc7 41. Kf2 Qe7 42. Kg1 Qxe3+ 43. Kh1 Qc1+ 44. Kh2 Qf4+ 45. Kh1 g5 46. Qc6 Qxc4 47. Qxb6 Qc1+ 48. Kh2 Qf4+ 49. Kh1 c4 50. Qc6 Qc1+ 51. Kh2 c3 52. Qc4 Qf4+ 0-1

[Event "December 5 Early 2023"]
[Site "https://www.chess.com"]
[Date "2023.12.05"]
[Round "3"]
[White "Kotlyar, Kirill"]
[Black "Kukreja Sankalp"]
[Result "0-1"]
[Board "121"]
[TimeControl "180+1"]
[WhiteFideId "24145599"]
[BlackFideId "45027676"]
[WhiteElo "2637"]
[BlackElo "2444"]
[WhiteTeam "RUS"]
[BlackTeam "IND"]
[WhiteClock "0:00:20"]
[BlackClock "0:00:06"]

1. e4 c5 2. Nf3 g6 3. d4 cxd4 4. Nxd4 Bg7 5. c4 Nc6 6. Be3 Nf6 7. Nc3 O-O 8. Be2 b6 9. O-O Bb7 10. f3 e6 11. Qd2 d5 12. Nxc6 Bxc6 13. cxd5 exd5 14. e5 Ne8 15. f4 Nc7 16. Rad1 Qe7 17. Bf3 Rfd8 18. Qf2 Rac8 19. Rd2 f6 20. exf6 Bxf6 21. Bd4 Bxd4 22. Rxd4 Ne6 23. Rd2 Qc5 24. Bg4 Qd6 25. Re1 Re8 26. Ne2 Nc5 27. Bxc8 Ne4 28. Qd4 Nxd2 29. Qxd2 Rxc8 30. Nd4 Qc5 31. f5 Bd7 32. fxg6 hxg6 33. Kh1 Rf8 34. Nf3 Bg4 35. Ne5 Bf5 36. Nf3 Be4 37. Nd4 Qd6 38. Qe3 Qe5 39. Nf3 Qh5 40. Rf1 Rf7 41. Qc3 Rh7 42. h3 Qf5 43. Kh2 Rf7 44. Kg1 Qf4 45. Nd2 Qg5 46. Qc8+ Kg7 47. Qc3+ Kh6 48. Rxf7 Qxg2# 0-1

[Event "December 5 Early 2023"]
[Site "https://www.chess.com"]
[Date "2023.12.05"]
[Round "3"]
[White "Liu, Casper"]
[Black "Renjith, Sravan"]
[Result "0-1"]
[Board "122"]
[TimeControl "180+1"]
[WhiteFideId "1454153"]
[BlackFideId "4306783"]
[WhiteElo "2443"]
[BlackElo "2636"]
[WhiteTeam "DEN"]
[BlackTeam "NZL"]
[WhiteClock "0:00:00"]
[BlackClock "0:00:15"]

1. d4 d5 2. Bf4 Nf6 3. Nd2 c5 4. dxc5 Nc6 5. Ngf3 e6 6. e3 Bxc5 7. Bd3 Qe7 8. c4 e5 9. Bg5 d4 10. O-O dxe3 11. fxe3 h6 12. Bxf6 Bxe3+ 13. Kh1 Qxf6 14. Nxe5 Qxe5 15. Re1 O-O 16. Nf1 Rd8 17. Nxe3 Qxb2 18. Rb1 Qd4 19. Nd5 Bg4 20. Qd2 Bf5 21. Rb3 Re8 22. Rd1 Kh8 23. Qc1 Bg4 24. Rf1 Ne5 25. Bb1 Qxc4 26. Nc7 Qxc1 27. Rxc1 Rac8 28. Rxb7 Re7 29. Rxa7 Nc6 30. Rb7 Rcxc7 31. Rxc7 Rxc7 32. Be4 Bd7 33. a4 Rc8 34. Bxc6 Bxc6 35. Ra1 Ra8 36. a5 Kh7 37. Kg1 Rb8 38. g3 Rb2 39. a6 Rg2+ 40. Kf1 Rxh2 41. a7 Rh1+ 0-1

[Event "December 5 Early 2023"]
[Site "https://www.chess.com"]
[Date "2023.12.05"]
[Round "3"]
[White "Ehlvest, Jaan"]
[Black "Barak, Gil"]
[Result "1-0"]
[Board "123"]
[TimeControl "180+1"]
[WhiteFideId "4500016"]
[BlackFideId "2812690"]
[WhiteElo "2630"]
[BlackElo "2443"]
[WhiteTeam "USA"]
[BlackTeam "ISR"]
[WhiteClock "0:02:48"]
[BlackClock "0:02:00"]

1. e4 e5 2. Nf3 Nc6 3. Bb5 a6 4. Ba4 Nf6 5. O-O d6 6. Bxc6+ bxc6 7. d4 exd4 8. Nxd4 Bd7 9. Qf3 Be7 10. e5 dxe5 11. Nxc6 Bxc6 12. Qxc6+ Nd7 13. Rd1 Bd6 14. Nc3 O-O 15. Ne4 Nf6 16. Bg5 Qd7 17. Nxf6+ 1-0

[Event "December 5 Early 2023"]
[Site "https://www.chess.com"]
[Date "2023.12.05"]
[Round "3"]
[White "Filipovic, Slobodan J"]
[Black "Gimenez Aguirre, Alejo Ismael"]
[Result "0-1"]
[Board "124"]
[TimeControl "180+1"]
[WhiteFideId "939633"]
[BlackFideId "32041667"]
[WhiteElo "2442"]
[BlackElo "2630"]
[WhiteTeam "SRB"]
[BlackTeam "ARG"]
[WhiteClock "0:01:08"]
[BlackClock "0:00:59"]

1. c4 e5 2. Nc3 Nc6 3. Nf3 a6 4. e3 Nf6 5. a3 d5 6. cxd5 Nxd5 7. Qc2 Be6 8. d3 g5 9. Nxd5 Bxd5 10. b4 g4 11. Nd2 Bg7 12. Bb2 O-O 13. Be2 f5 14. e4 Be6 15. exf5 Bxf5 16. Ne4 Kh8 17. O-O Qd5 18. Rad1 h5 19. Qc5 Rad8 20. Rfe1 Qb3 21. Qc3 Qd5 22. Qc5 Nd4 23. Bxd4 Qxd4 24. Qxc7 Bxe4 25. dxe4 Qxf2+ 26. Kh1 Rxd1 0-1

[Event "December 5 Early 2023"]
[Site "https://www.chess.com"]
[Date "2023.12.05"]
[Round "3"]
[White "Skliarov, Viktor"]
[Black "Burmakin, Evgeniy"]
[Result "1-0"]
[Board "125"]
[TimeControl "180+1"]
[WhiteFideId "14106736"]
[BlackFideId "4163729"]
[WhiteElo "2622"]
[BlackElo "2440"]
[WhiteTeam "UKR"]
[BlackTeam "RUS"]
[WhiteClock "0:00:14"]
[BlackClock "0:00:00"]

1. e4 c5 2. Nf3 d6 3. d4 cxd4 4. Qxd4 Nf6 5. Nc3 Nc6 6. Bb5 Bd7 7. Bxc6 Bxc6 8. Bg5 e6 9. O-O-O Be7 10. Rhe1 O-O 11. Kb1 b5 12. Bxf6 Bxf6 13. Qxd6 Qxd6 14. Rxd6 Bxc3 15. bxc3 Rfc8 16. Kb2 Kf8 17. Ne5 Be8 18. Red1 Ke7 19. Ra6 f6 20. Nd3 Rc6 21. Rxc6 Bxc6 22. f3 Rd8 23. Kc1 g5 24. h4 g4 25. Nb4 Rxd1+ 26. Kxd1 Bb7 27. Kd2 gxf3 28. gxf3 f5 29. Ke3 Kf6 30. Nd3 fxe4 31. fxe4 a5 32. Kf4 Bc6 33. a3 h6 34. e5+ Kg6 35. Nc5 Bd5 36. Nb3 a4 37. Nd4 Bc4 38. Nf3 Kh5 39. Kg3 Bd5 40. Nd4 Bc4 41. Nc6 Bd5 42. Nb4 Bc4 43. Nd3 Kg6 44. Kg4 h5+ 45. Kf4 1-0

[Event "December 5 Early 2023"]
[Site "https://www.chess.com"]
[Date "2023.12.05"]
[Round "3"]
[White "Lenaerts, Lennert"]
[Black "Rosh Jain"]
[Result "1-0"]
[Board "126"]
[TimeControl "180+1"]
[WhiteFideId "211435"]
[BlackFideId "25789465"]
[WhiteElo "2617"]
[BlackElo "2438"]
[WhiteTeam "BEL"]
[BlackTeam "IND"]
[WhiteClock "0:01:29"]
[BlackClock "0:01:25"]

1. d4 Nf6 2. c4 e6 3. Nc3 Bb4 4. g3 O-O 5. Bg2 c5 6. Nf3 Nc6 7. O-O cxd4 8. Nxd4 Nxd4 9. Qxd4 d6 10. Rd1 Bc5 11. Qd3 Ng4 12. Ne4 Qc7 13. Bf4 e5 14. Bd2 Be6 15. Rac1 f5 16. Nxc5 dxc5 17. h3 e4 18. Qc3 Nf6 19. Bf4 Qf7 20. Rd2 Rfd8 21. Rcd1 Qe8 22. Be5 Kf7 23. b3 b6 24. a4 a5 25. Bc7 Rxd2 26. Rxd2 Qc6 27. Be5 Nd7 28. Bxg7 Rg8 29. Bh6 Qc7 30. Bf4 Qd8 31. Rd6 Qf6 32. Qd2 Ke7 33. h4 Ne5 34. Bg5 1-0

[Event "December 5 Early 2023"]
[Site "https://www.chess.com"]
[Date "2023.12.05"]
[Round "3"]
[White "Kozelov, Roman"]
[Black "Janaszak, Dawid"]
[Result "0-1"]
[Board "127"]
[TimeControl "180+1"]
[WhiteFideId "14133377"]
[BlackFideId "1119206"]
[WhiteElo "2437"]
[BlackElo "2612"]
[WhiteTeam "UKR"]
[BlackTeam "POL"]
[WhiteClock "0:01:49"]
[BlackClock "0:02:40"]

1. e4 c5 2. Nf3 Nc6 3. Bb5 e5 4. O-O Nge7 5. c3 g6 6. d4 cxd4 7. cxd4 exd4 8. Nxd4 Bg7 9. Be3 O-O 10. Nc3 d5 11. exd5 Nxd5 12. Nxc6 bxc6 13. Bxc6 Nxe3 14. Qxd8 Rxd8 15. Bxa8 Nxf1 16. Rxf1 Ba6 17. Be4 Bxf1 18. Kxf1 Rd2 0-1

[Event "December 5 Early 2023"]
[Site "https://www.chess.com"]
[Date "2023.12.05"]
[Round "3"]
[White "Ianovsky, Matias Manuel"]
[Black "Can, Melih Kaan"]
[Result "1-0"]
[Board "128"]
[TimeControl "180+1"]
[WhiteFideId "112470"]
[BlackFideId "6317383"]
[WhiteElo "2608"]
[BlackElo "2436"]
[WhiteTeam "ARG"]
[BlackTeam "TUR"]
[WhiteClock "0:00:30"]
[BlackClock "0:00:06"]

1. d4 Nf6 2. Nf3 d5 3. c4 e6 4. g3 Be7 5. Bg2 O-O 6. O-O c6 7. Nbd2 Nbd7 8. Qc2 b6 9. b3 Bb7 10. Bb2 c5 11. dxc5 Nxc5 12. Rad1 Qc8 13. Rfe1 Nfe4 14. cxd5 exd5 15. Nd4 Rd8 16. N2f3 Bf6 17. Rc1 Qd7 18. Red1 Rac8 19. Qb1 a5 20. Ne1 Bg5 21. e3 Ba6 22. Ndf3 Bf6 23. Bxf6 Nxf6 24. Ne5 Qe6 25. N1f3 Nfe4 26. Bf1 Bxf1 27. Kxf1 g5 28. Nd3 Qh3+ 29. Kg1 g4 30. Nh4 Ng5 31. Nf4 Nce4 32. Nxh3 Nxh3+ 33. Kg2 Rxc1 34. Qxc1 Nhxf2 35. Rf1 d4 36. Rxf2 Nxf2 37. Kxf2 d3 38. Qd2 Kg7 39. Nf5+ Kf6 40. Nd4 Ke5 41. Qxd3 f5 42. Qxf5+ Kd6 43. Qe6+ Kc5 44. Qc4+ 1-0

[Event "December 5 Early 2023"]
[Site "https://www.chess.com"]
[Date "2023.12.05"]
[Round "3"]
[White "Swicarz, Maciej"]
[Black "Principe, Gerson"]
[Result "0-1"]
[Board "129"]
[TimeControl "180+1"]
[WhiteFideId "1113585"]
[BlackFideId "3804550"]
[WhiteElo "2436"]
[BlackElo "2606"]
[WhiteTeam "POL"]
[BlackTeam "PER"]
[WhiteClock "0:00:00"]
[BlackClock "0:00:37"]

1. e4 c6 2. Nc3 d5 3. Qe2 e6 4. g3 Nf6 5. Bg2 Be7 6. f4 O-O 7. Nf3 dxe4 8. Nxe4 Nbd7 9. d4 c5 10. Nxc5 Nxc5 11. dxc5 Bxc5 12. Be3 Bxe3 13. Qxe3 Qc7 14. c3 Bd7 15. Ne5 Bb5 16. O-O-O a5 17. Rd4 Bc6 18. Nxc6 bxc6 19. Rc4 Nd5 20. Qc5 Rfc8 21. Re1 Rab8 22. Re2 g6 23. Ra4 Rb5 24. Qd4 c5 25. Qe5 Nb6 26. Qxc7 Rxc7 27. Rae4 c4 28. Re5 Rcc5 29. Rxc5 Rxc5 30. Rd2 Nd5 31. Bxd5 exd5 32. Re2 Kf8 33. Kd2 Rc7 34. Re5 Rb7 35. Kc2 Rb5 36. b3 cxb3+ 37. axb3 f6 38. Re6 Kf7 39. Ra6 Rc5 40. Kd3 Rb5 41. Kc2 Rc5 42. Ra7+ Ke6 43. Rxh7 d4 44. c4 a4 45. Ra7 axb3+ 46. Kxb3 Kf5 47. Ra6 Rc8 48. Kb4 Rd8 49. Ra1 Ke4 50. c5 d3 51. Kc4 d2 52. Rd1 Ke3 53. c6 Ke2 54. Ra1 d1=Q 55. Rxd1 Rxd1 56. Kb5 Rc1 57. Kb6 Kf3 58. c7 Kg2 59. g4 Kxh2 60. g5 fxg5 61. fxg5 Kg3 0-1

[Event "December 5 Early 2023"]
[Site "https://www.chess.com"]
[Date "2023.12.05"]
[Round "3"]
[White "Golubev, Mikhail"]
[Black "Kovalyov, Eduard"]
[Result "1-0"]
[Board "130"]
[TimeControl "180+1"]
[WhiteFideId "14100983"]
[BlackFideId "14118033"]
[WhiteElo "2605"]
[BlackElo "2429"]
[WhiteTeam "UKR"]
[BlackTeam "UKR"]
[WhiteClock "0:00:08"]
[BlackClock "0:00:02"]

1. e4 e5 2. Nf3 Nc6 3. Bc4 Bc5 4. c3 Nf6 5. d4 exd4 6. cxd4 Bb4+ 7. Nbd2 d5 8. exd5 Nxd5 9. O-O O-O 10. a3 Be7 11. Re1 Be6 12. Ne4 h6 13. Ba2 Qd7 14. Bd2 Rad8 15. Rc1 Rfe8 16. h3 Bf8 17. b4 a6 18. Ne5 Nxe5 19. dxe5 Nb6 20. Bb1 Nc4 21. Qc2 Be7 22. Nf6+ Bxf6 23. Qh7+ Kf8 24. exf6 gxf6 25. Bxh6+ Ke7 26. Rxc4 Rh8 27. Qc2 c6 28. Be3 Rdg8 29. Bc5+ Kd8 30. Rd4 Bd5 31. Qf5 Rxg2+ 32. Kf1 Qxf5 33. Bxf5 Rg5 34. Be4 Rxh3 35. Bxd5 cxd5 36. Red1 Rh1+ 37. Ke2 Re5+ 38. Kf3 Rh3+ 39. Kg2 Rhh5 40. f4 Re2+ 41. Kf3 Ra2 42. Rxd5+ Kc7 43. Rxh5 Rxa3+ 44. Kg4 f5+ 45. Rxf5 1-0

[Event "December 5 Early 2023"]
[Site "https://www.chess.com"]
[Date "2023.12.05"]
[Round "3"]
[White "Parra Gomez, Adrian"]
[Black "Aswath, S"]
[Result "0-1"]
[Board "131"]
[TimeControl "180+1"]
[WhiteFideId "3513106"]
[BlackFideId "46694919"]
[WhiteElo "2428"]
[BlackElo "2604"]
[WhiteTeam "CUB"]
[BlackTeam "IND"]
[WhiteClock "0:00:00"]
[BlackClock "0:00:50"]

1. d4 Nf6 2. c4 e6 3. Nc3 Bb4 4. f3 O-O 5. e4 d5 6. e5 Nfd7 7. cxd5 exd5 8. f4 c5 9. Be3 Nc6 10. Nf3 Re8 11. Bb5 Qa5 12. Bxc6 bxc6 13. O-O Bxc3 14. bxc3 Qxc3 15. Bf2 c4 16. f5 Nf8 17. Nh4 Qd3 18. Qg4 Qe4 19. Qxe4 dxe4 20. Rfe1 g5 21. fxg6 hxg6 22. Rxe4 Be6 23. Nf3 Bd5 24. Rh4 Ne6 25. Rc1 Rab8 26. Rh3 Nf4 27. Ng5 Ne2+ 28. Kf1 Nxc1 29. Nh7 Kg7 30. Bh4 g5 31. Bxg5 Rh8 32. Bf6+ Kg6 33. Rg3+ Kxh7 34. Rg7+ Kh6 35. g4 Rhg8 36. g5+ Kh5 37. Rh7+ Kg4 38. h3+ Kf3 0-1

[Event "December 5 Early 2023"]
[Site "https://www.chess.com"]
[Date "2023.12.05"]
[Round "3"]
[White "Bychkov, Vladimir"]
[Black "Toman, Ondrej"]
[Result "1-0"]
[Board "132"]
[TimeControl "180+1"]
[WhiteFideId "24151513"]
[BlackFideId "344516"]
[WhiteElo "2428"]
[BlackElo "2604"]
[WhiteTeam "RUS"]
[BlackTeam "CZE"]
[WhiteClock "0:00:15"]
[BlackClock "0:00:06"]

1. e4 c6 2. d4 d5 3. e5 Bf5 4. h4 h5 5. Bd3 Bxd3 6. Qxd3 Qa5+ 7. Nd2 e6 8. Nf3 Qb5 9. c4 dxc4 10. Nxc4 Nd7 11. O-O Nb6 12. b3 Be7 13. a4 Qd5 14. a5 Nxc4 15. bxc4 Qd7 16. Ba3 Bxa3 17. Rxa3 Ne7 18. Rb1 Nf5 19. Rab3 Rb8 20. Qe4 O-O 21. g4 hxg4 22. Qxg4 Rfd8 23. Rd3 b6 24. a6 b5 25. cxb5 Rxb5 26. Rxb5 cxb5 27. h5 Rc8 28. Kg2 Qd5 29. Kh2 Rc1 30. Qg2 b4 31. Ng5 Qxg2+ 32. Kxg2 Rc3 33. Rd2 b3 34. d5 exd5 35. Rxd5 g6 36. hxg6 fxg6 37. Rb5 Kg7 38. Rb7+ Kf8 39. e6 Rc2 40. Ne4 Rc8 41. Nf6 Nd4 42. Rf7# 1-0

[Event "December 5 Early 2023"]
[Site "https://www.chess.com"]
[Date "2023.12.05"]
[Round "3"]
[White "Ginzburg, Yakov"]
[Black "Mestnikov, Aisen"]
[Result "0-1"]
[Board "133"]
[TimeControl "180+1"]
[WhiteFideId "4157176"]
[BlackFideId "34130117"]
[WhiteElo "2603"]
[BlackElo "2427"]
[WhiteTeam "RUS"]
[BlackTeam "RUS"]
[WhiteClock "0:00:22"]
[BlackClock "0:00:09"]

1. e4 e5 2. Nf3 Nc6 3. Bb5 a6 4. Bxc6 dxc6 5. O-O f6 6. d4 exd4 7. Nxd4 c5 8. Nb3 Qxd1 9. Rxd1 Bd6 10. Na5 b6 11. Nc4 Be7 12. Bf4 Be6 13. Ne3 Rc8 14. Nc3 c6 15. a4 h5 16. a5 b5 17. Bd6 Bxd6 18. Rxd6 Ke7 19. Rad1 Nh6 20. e5 fxe5 21. Ne4 Nf7 22. R6d2 c4 23. Nc5 Ra8 24. h4 Rhd8 25. g3 Rxd2 26. Rxd2 Nd8 27. f4 exf4 28. gxf4 Ra7 29. Rxd8 Kxd8 30. Nxe6+ Ke8 31. Nc5 g6 32. Kf2 Ke7 33. Kf3 Kd6 34. Ne4+ Ke6 35. c3 Ke7 36. Nc2 Rd7 37. Nc5 Rd2 38. Nd4 Rxb2 39. Nxa6 Kd6 40. Ke4 c5 41. Nf3 Re2# 0-1